 Dungeon Crawl Stone Soup version 0.23.2-40-g277498a001 (webtiles) character file.

Game seed: 6847862093127059022

215182 CrazedAxUser the Executioner (level 18, -2/168 HPs)
             Began as a Minotaur Berserker on Aug 29, 2019.
             Was a High Priest of Trog.
             Slain by a merfolk impaler
             ... wielding a +2 trident of piercing
              (3 damage)
             ... on level 4 of the Shoals.
             The game lasted 02:48:58 (40172 turns).

CrazedAxUser the Executioner (Minotaur Berserker)  Turns: 40172, Time: 02:48:59

Health: -2/168     AC: 31    Str: 27    XL:     18   Next: 32%
Magic:  5/5        EV: 11    Int:  4    God:    Trog [*****.]
Gold:   2292       SH:  5    Dex: 19    Spells: 17/17 levels left

rFire    . . .     SeeInvis .   h - +3 battleaxe (antimagic)
rCold    + . .     Gourm    .   (shield currently unavailable)
rNeg     + . .     Faith    .   o - +2 plate armour {rC+}
rPois    +         Spirit   .   W - +2 hat
rElec    .         Reflect  +   V - +2 cloak
rCorr    +         Harm     .   O - +2 pair of gloves {Dex+3}
MR       +++..                  N - +2 pair of boots
Stlth    ..........             H - amulet of Wehemido {Reflect rN+ Dex+3 SH+5}
HPRegen  1.38/turn              s - ring of poison resistance
MPRegen  0.09/turn              z - ring of resist corrosion

@: regenerating, very slow
A: retaliatory headbutt, horns 2
}: 1/15 runes: serpentine
a: Berserk, Trog's Hand, Brothers in Arms, Renounce Religion


You were on level 4 of the Shoals.
You worshipped Trog.
Trog was extremely pleased with you.
You were hungry.

You visited 6 branches of the dungeon, and saw 32 of its levels.
You also visited: Sewer and Volcano.

You collected 3393 gold pieces.
You spent 1101 gold pieces at shops.

Inventory:

Hand Weapons
 h - a +3 antimagic battleaxe (weapon)
 w - a +1 war axe of flaming
 A - a +4 blowgun
Missiles
 b - 171 poisoned needles
 j - 20 javelins
 C - 6 tomahawks of returning
 L - 39 tomahawks (quivered)
 S - 4 javelins of penetration
Armour
 g - a +3 troll leather armour {Snorg}
 o - a +2 plate armour of cold resistance (worn)
 y - a +3 chain mail of fire resistance
 N - a +2 pair of boots (worn)
 O - a +2 pair of gloves of dexterity (worn)
 V - a +2 cloak (worn)
 W - a +2 hat (worn)
Magical Staves
 M - an uncursed staff of death
 T - an uncursed staff of air
Jewellery
 l - the ring "Deime" {Str+2 Int+3}
   (You took it off a naga on level 1 of the Snake Pit)

   [ring of strength]

   It affects your strength (+2).
   It affects your intelligence (+3).
 p - an uncursed ring of fire
 s - a ring of poison resistance (left hand)
 z - a ring of resist corrosion (right hand)
 H - the amulet of Wehemido (around neck) {Reflect rN+ Dex+3 SH+5}
   (You found it on level 1 of the Snake Pit)

   [amulet of reflection]

   It shields you and reflects attacks.
   It affects your dexterity (+3).
   It protects you from negative energy.
   It affects your SH (+5).
Wands
 i - a wand of digging (6)
 G - a wand of disintegration (11)
 R - a wand of iceblast (14)
Scrolls
 e - 5 scrolls of immolation
 f - 12 scrolls of remove curse
 k - 7 scrolls of magic mapping
 n - 12 scrolls of identify
 q - 8 scrolls of teleportation
 r - 2 scrolls of blinking
 D - a scroll of fog
 K - a scroll of enchant armour
Potions
 a - a potion of haste
 m - 13 potions of curing
 t - 5 potions of agility
 u - 7 potions of might
 v - 3 potions of flight
 x - 3 potions of resistance
 B - 4 potions of cancellation
 F - a potion of ambrosia
 I - a potion of heal wounds
Miscellaneous
 d - a fan of gales
 E - a phial of floods
 P - a phantom mirror
Comestibles
 c - 42 rations
 J - 3 chunks of flesh


   Skills:
 + Level 16.6 Fighting
 + Level 24.4 Axes
 + Level 15.3 Throwing
 - Level 15.2 Armour
 + Level 4.6 Dodging


You had 17 spell levels left.
You didn't know any spells.
Your spell library contained the following spells:

 Spells                   Type           Power        Failure   Level  Hunger
 Animate Skeleton         Necr           N/A          98%         1    ##.....
 Apportation              Tloc           #.....       98%         1    ##.....
 Confusing Touch          Hex            #.....       98%         1    ##.....
 Freeze                   Ice            #...         98%         1    ##.....
 Magic Dart               Conj           #...         98%         1    ##.....
 Pain                     Necr           #...         98%         1    ##.....
 Summon Butterflies       Summ           #.......     98%         1    ##.....
 Summon Small Mammal      Summ           #...         98%         1    ##.....
 Blink                    Tloc           N/A          99%         2    ###....
 Call Imp                 Summ           #.......     99%         2    ###....
 Poisonous Vapours        Pois/Air       #.....       99%         2    ###....
 Searing Ray              Conj           #.....       99%         2    ###....
 Slow                     Hex            #.......     99%         2    ###....
 Conjure Flame            Conj/Fire      #.......     100%        3    ####...
 Dazzling Spray           Conj/Hex       #.....       100%        3    ####...
 Lesser Beckoning         Tloc           #.........   100%        3    ####...
 Mephitic Cloud           Conj/Pois/Air  #.......     100%        3    ####...
 Ozocubu's Armour         Chrm/Ice       #.......     100%        3    ####...
 Recall                   Summ/Tloc      N/A          100%        3    ####...
 Regeneration             Chrm/Necr      #.........   100%        3    ####...
 Tukima's Dance           Hex            #.......     100%        3    ####...
 Vampiric Draining        Necr           #.........   100%        3    ####...
 Animate Dead             Necr           N/A          100%        4    #####..
 Force Lance              Conj/Tloc      #.......     100%        4    #####..
 Fulminant Prism          Conj/Hex       #.........   100%        4    #####..
 Iskenderun's Mystic Bla  Conj           #.......     100%        4    #####..
 Petrify                  Tmut/Erth      #.......     100%        4    #####..
 Alistair's Intoxication  Tmut/Pois      #.......     100%        5    ######.
 Borgnjor's Vile Clutch   Necr/Erth      #.........   100%        5    ######.
 Death Channel            Necr           #.........   100%        6    #######
 Freezing Cloud           Conj/Ice/Air   #.........   100%        6    #######
 Invisibility             Hex            #.......     100%        6    #######
 Ozocubu's Refrigeration  Ice            #.........   100%        6    #######
 Simulacrum               Ice/Necr       #.........   100%        6    #######
 Ring of Flames           Chrm/Fire      #.........   100%        7    #######


Dungeon Overview and Level Annotations

Branches:
Dungeon (15/15)            Temple (1/1) D:4            Lair (6/6) D:11
 Shoals (4/4) Lair:4        Snake (4/4) Lair:2        Slime (0/5) Lair:5
    Orc (2/2) D:9             Elf (0/3) Orc:2        Vaults (0/5) D:14
 Depths (0/5) D:15

Altars:
Ashenzari
Cheibriados
Dithmenos
Elyvilon
Fedhas
Gozag
Hepliaklqana
Kikubaaqudgha
Makhleb
Nemelex Xobeh
Okawaru
Qazlal
Ru
Sif Muna
Trog
Uskayaw
Vehumet
Wu Jian
Xom
Yredelemnul
Zin
The Shining One
Beogh
Jiyva

Shops:
D:5 !   D:6 (   D:9 [%!   Orc:2 }*}*   Snake:3 %

Annotations:
Snake:1 3 transporters


Innate Abilities, Weirdness & Mutations

You reflexively headbutt those who attack you in melee.
You have a pair of horns on your head.


Message History

The merfolk hits you from afar with a +0 trident.
* * * LOW HITPOINT WARNING * * *
You see here a stone.
The merfolk impaler hits you but does no damage.
The merfolk hits you with a +0 battleaxe!
* * * LOW HITPOINT WARNING * * *
You block the merfolk's attack. The merfolk barely misses you.
The merfolk impaler hits you with a +2 trident of piercing!
* * * LOW HITPOINT WARNING * * *
x2 The merfolk hits you but does no damage.
You see here 3 sling bullets.
You block the merfolk impaler's attack.
The faun shoots a stone.
The stone closely misses you.
The stone hits the plant.
You hear a splash.
The merfolk hits you from afar with a +3 glaive!
* * * LOW HITPOINT WARNING * * *
The merfolk hits you with a +0 trident!
* * * LOW HITPOINT WARNING * * *
The merfolk impaler hits you from afar with a +2 trident of piercing.
You die...

≈≈≈≈≈≈≈≈≈≈≈###≈≈≈≈≈≈≈≈≈().....(.≈
.≈.≈≈≈≈≈≈≈≈#PP≈≈##P≈≈≈≈≈......(.(
...≈≈≈≈≈≈≈()≈≈≈≈≈≈PPP≈≈≈.......((
...≈≈≈≈≈)≈≈#≈≈≈≈≈≈PPP≈≈≈......((.
...≈≈≈≈≈≈(≈#≈(≈≈≈≈≈#.≈≈≈≈.....(((
...≈≈≈≈≈≈≈PPP(≈≈≈≈≈#P≈≈)≈......))
.≈≈P≈PP≈≈≈PPP≈mmm(≈≈≈≈≈≈(......†.
PP≈##PP≈≈≈≈≈P##mmPP#≈≈≈≈≈......(.
≈≈≈P≈≈P≈≈≈≈≈c≈@###..≈≈≈(≈(....)
#≈≈≈≈≈≈PP≈≈≈##P...(..≈≈≈((≈≈≈..≈
PP≈≈≈≈≈≈PP.≈≈.....<....≈.≈≈≈≈(...
≈≈≈≈|≈≈≈P#.....c.........(≈≈≈..=≈
P≈≈≈≈≈≈≈P#................≈≈≈..≈≈
P≈m≈≈≈≈#≈#..............≈≈≈≈≈≈≈≈≈
.≈..#.P........≈≈≈≈≈≈≈≈≈
.≈≈.###.........≈≈≈≈≈≈≈≈


cmPPP...... You could see a merfolk impaler, 4 merfolk and 2 fauns.

Vanquished Creatures
  2 krakens
  Agnes (Snake:1)
  14 nagarajas (Snake:4)
  Aizul (Snake:1)
  Nessos (Orc:2)
  Snorg (Orc:2)
  A merfolk javelineer (Shoals:3)
  4 merfolk impalers
  4 vault guards (D:14)
  A yaktaur captain (D:15)
  5 hydras
  4 catoblepae
  Harold (D:7)
  3 centaur warriors (D:15)
  12 anacondas
  2 merfolk avatars
  An alligator snapping turtle (Shoals:3)
  25 naga warriors
  7 death yaks (Lair:6)
  4 two-headed ogres
  A death knight (D:14)
  22 naga sharpshooters
  4 shock serpents
  Nergalle (Lair:2)
  2 salamander mystics
  6 skeletal warriors
  8 sea snakes
  An orange crystal statue (D:13)
  11 naga ritualists
  A wizard (D:15)
  Pikel (D:6)
  8 harpies
  9 mana vipers
  9 orc knights
  A deep elf archer (D:14)
  9 cyclopes
  14 salamanders
  A deep elf mage (D:15)
  4 orc sorcerers
  6 ugly things
  A wolf spider (D:15)
  An oklob plant (Lair:2)
  7 manticores
  6 fauns
  2 water nymphs (Shoals:3)
  Maurice (D:8)
  3 centaur zombies
  6 guardian serpents
  14 naga magi
  7 merfolk sirens
  Joseph (D:8)
  A molten gargoyle (Volcano)
  42 black mambas
  A centaur skeleton (D:12)
  10 gargoyles
  6 komodo dragons
  9 spiny frogs
  2 yaktaurs
  3 rime drakes
  A kobold demonologist (D:13)
  2 freezing wraiths (D:14)
  4 trolls
  21 merfolk
  4 wind drakes
  A tengu conjurer (D:14)
  A jumping spider (shapeshifter) (D:14)
  A hornet (D:7)
  5 polar bears
  14 blink frogs
  7 snapping turtles
  14 hippogriffs
  10 slime creatures
  Sigmund (D:3)
  A shadow (D:13)
  43 yaks
  2 fire elementals (Volcano)
  2 water elementals (Shoals:4)
  3 wyverns (D:15)
  A vampire (D:15)
  2 wraiths
  6 basilisks
  8 vampire mosquitoes
  Menkaure (D:4)
  A soldier ant (D:10)
  10 wargs
  3 acid dragons
  55 nagas
  5 porcupines
  19 water moccasins
  4 slaves (D:6)
  3 necrophages
  5 ice beasts
  35 orc warriors
  5 sky beasts
  2 black bears
  2 eyes of draining
  14 ogres
  2 phantoms
  2 wolves (D:8)
  14 centaurs
  10 crocodiles
  Blork the orc (D:4)
  5 big kobolds
  11 bullfrogs
  A wyvern zombie (D:12)
  2 scorpions
  10 wights
  2 howler monkeys
  3 electric eels
  9 crimson imps
  2 bullfrog zombies
  A quasit (D:12)
  8 orc priests
  A gnoll shaman (D:6)
  7 hounds
  4 jellies
  4 bullfrog skeletons
  2 iguanas
  Terence (D:3)
  Jessica (D:2)
  14 orc wizards
  11 worker ants
  A killer bee zombie (D:7)
  A centaur simulacrum (D:8)
  3 hound zombies
  Robin (D:3)
  A worker ant zombie (D:7)
  9 gnolls
  A howler monkey skeleton (D:7)
  7 adders
  2 river rats (Sewer)
  8 shadow imps
  2 white imps (D:8)
  2 worker ant simulacra (D:8)
  3 ufetubi (D:8)
  5 oozes (D:8)
  4 worms
  A dart slug (D:1)
  6 leopard geckos
  84 orcs
  2 ball pythons
  4 bats
  6 giant cockroaches
  18 goblins
  4 hobgoblins
  10 jackals
  37 kobolds
  3 quokkas
  2 frilled lizards (D:3)
  A jackal zombie (D:8)
  A leopard gecko skeleton (D:7)
  A quokka simulacrum (D:8)
  8 rats
  5 fungi
  12 plants
  8 tentacles
1045 creatures vanquished.

Vanquished Creatures (collateral kills)
  A naga warrior (Snake:1)
  2 anacondas (Snake:1)
  2 naga sharpshooters (Snake:1)
  A naga ritualist (Snake:1)
  5 mana vipers (Snake:1)
  2 black mambas (Snake:1)
  2 nagas (Snake:1)
15 creatures vanquished.

Vanquished Creatures (others)
  Sonja (D:13)
  An orc (Orc:1)
  A bush (Shoals:3)
  A fungus (Lair:6)
  25 plants
  7 tentacles
36 creatures vanquished.

Grand Total: 1096 creatures vanquished

Notes
Turn   | Place    | Note
-------+----------+-------------------------------------------
     0 | D:1      | CrazedAxUser the Minotaur Berserker began the quest for the
                  | Orb.
     0 | D:1      | Reached XP level 1. HP: 19/19 MP: 0/0
    23 | D:1      | Reached skill level 4 in Axes
   124 | D:1      | Reached XP level 2. HP: 25/27 MP: 1/1
   814 | D:2      | Found a shimmering altar of Xom.
  1278 | D:2      | Reached XP level 3. HP: 29/33 MP: 2/2
  1385 | D:2      | Reached ** piety under Trog
  1450 | D:2      | Noticed Jessica
  1462 | D:2      | Killed Jessica
  1462 | D:2      | Reached skill level 5 in Axes
  1812 | D:2      | Reached XP level 4. HP: 41/41 MP: 3/3
  2058 | D:3      | Noticed Sigmund
  2071 | D:3      | Killed Sigmund
  2071 | D:3      | Reached skill level 5 in Fighting
  2071 | D:3      | Reached skill level 7 in Axes
  2071 | D:3      | Reached XP level 5. HP: 46/48 MP: 4/4
  2071 | D:3      | Reached XP level 6. HP: 54/56 MP: 5/5
  2234 | D:3      | Found a glowing drain.
  2256 | Sewer    | Entered a sewer
  2456 | Sewer    | Found a white marble altar of Elyvilon.
  2690 | D:3      | Noticed Terence
  2699 | D:3      | Killed Terence
  2727 | D:3      | Found a shadowy altar of Dithmenos.
  2835 | D:3      | Noticed Robin
  2853 | D:3      | Killed Robin
  2853 | D:3      | Reached *** piety under Trog
  3123 | D:3      | Reached skill level 8 in Axes
  3321 | D:4      | Reached XP level 7. HP: 58/64 MP: 6/6
  3429 | D:4      | Noticed Blork the orc
  3440 | D:4      | Killed Blork the orc
  3925 | D:4      | Found a staircase to the Ecumenical Temple.
  3936 | Temple   | Entered the Ecumenical Temple
  4366 | D:4      | Noticed Menkaure
  4370 | D:4      | Killed Menkaure
  4370 | D:4      | Reached skill level 9 in Axes
  4740 | D:5      | Entered Level 5 of the Dungeon
  4798 | D:5      | Found a snail-covered altar of Cheibriados.
  4852 | D:5      | Found a burning altar of Makhleb.
  4857 | D:5      | Found a glowing silver altar of Zin.
  4857 | D:5      | Noticed a blizzard demon
  4857 | D:5      | Noticed an angel
  4983 | D:5      | Reached XP level 8. HP: 56/73 MP: 7/7
  5135 | D:5      | Reached skill level 10 in Axes
  5200 | D:5      | Found Ekkiphor's Distillery.
  5204 | D:5      | Bought a potion of heal wounds for 60 gold pieces
  5718 | D:6      | Found Famicino's Antique Weapon Shoppe.
  6098 | D:6      | Noticed a hippogriff
  6105 | D:6      | Killed a hippogriff
  6113 | D:6      | Reached skill level 11 in Axes
  6128 | D:6      | Reached **** piety under Trog
  6365 | D:6      | Noticed Pikel
  6380 | D:6      | Killed Pikel
  6380 | D:6      | Reached XP level 9. HP: 68/83 MP: 8/8
  6699 | D:7      | Noticed Harold
  6708 | D:7      | Killed Harold
  6708 | D:7      | Reached skill level 12 in Axes
  6935 | D:7      | Reached skill level 10 in Fighting
  6935 | D:7      | Reached skill level 13 in Axes
  7259 | D:7      | Noticed a cyclops
  7264 | D:7      | Killed a cyclops
  7719 | D:7      | Found a sparkling altar of Nemelex Xobeh.
  7752 | D:7      | Reached XP level 10. HP: 94/94 MP: 9/9
  7909 | D:7      | Found an ornate altar of the Wu Jian Council.
  7909 | D:7      | Found a blossoming altar of Fedhas.
  8075 | D:8      | Noticed Joseph
  8080 | D:8      | Reached skill level 14 in Axes
  8085 | D:8      | Killed Joseph
  8446 | D:8      | Reached ***** piety under Trog
  8474 | D:8      | Found a radiant altar of Vehumet.
  8474 | D:8      | Noticed a two-headed ogre
  8490 | D:8      | Killed a two-headed ogre
  8490 | D:8      | Reached skill level 15 in Axes
  8590 | D:8      | Found an iron altar of Okawaru.
  8793 | D:8      | Reached skill level 1 in Throwing
  8898 | D:8      | Noticed Maurice
  8921 | D:8      | Killed Maurice
  8997 | D:8      | Noticed a gargoyle
  9004 | D:8      | Killed a gargoyle
  9009 | D:8      | Noticed a gargoyle
  9015 | D:8      | Killed a gargoyle
  9121 | D:8      | Noticed a gargoyle
  9132 | D:8      | Killed a gargoyle
  9132 | D:8      | Reached XP level 11. HP: 59/104 MP: 10/10
  9719 | D:9      | Reached skill level 16 in Axes
  9940 | D:9      | Found a staircase to the Orcish Mines.
  9987 | D:9      | Found Yczexun's Food Shop.
 10171 | D:9      | Found Zearreed's Antique Armour Boutique.
 10180 | D:9      | Noticed a two-headed ogre
 10189 | D:9      | Killed a two-headed ogre
 10237 | D:9      | Found a blossoming altar of Fedhas.
 10447 | D:9      | Found Gier's Distillery.
 10451 | D:9      | Bought a potion of mutation for 112 gold pieces
 10451 | D:9      | Bought a potion of brilliance for 56 gold pieces
 10455 | D:9      | Bought a potion of berserk rage for 70 gold pieces
 10579 | D:10     | Entered Level 10 of the Dungeon
 10635 | D:10     | Found an ancient bone altar of Kikubaaqudgha.
 10691 | D:10     | Noticed a two-headed ogre
 10716 | D:10     | Killed a two-headed ogre
 10997 | D:10     | Received a gift from Trog
 11319 | D:10     | Found a deep blue altar of Sif Muna.
 11410 | D:11     | Noticed a brown ugly thing
 11445 | D:11     | Killed a brown ugly thing
 11445 | D:11     | Reached skill level 17 in Axes
 11445 | D:11     | Reached skill level 5 in Throwing
 11625 | D:11     | Found a staircase to the Lair.
 11887 | D:11     | Reached skill level 5 in Armour
 11891 | D:11     | Reached XP level 12. HP: 99/113 MP: 11/11
 11923 | D:11     | Noticed a two-headed ogre
 11928 | D:11     | Killed a two-headed ogre
 12186 | Lair:1   | Entered Level 1 of the Lair of Beasts
 12811 | Lair:2   | Found a staircase to the Snake Pit.
 12816 | Lair:2   | Received a gift from Trog
 12905 | Lair:2   | Noticed Nergalle
 12913 | Lair:2   | Killed Nergalle
 13068 | Lair:2   | Reached skill level 18 in Axes
 13387 | Lair:2   | Found a deep blue altar of Sif Muna.
 13926 | Lair:3   | Noticed a four-headed hydra
 13934 | Lair:3   | Killed a two-headed hydra
 14040 | Lair:3   | Noticed a catoblepas
 14051 | Lair:3   | Killed a catoblepas
 14051 | Lair:3   | Reached skill level 19 in Axes
 14723 | Lair:4   | Found a staircase to the Shoals.
 14745 | Lair:4   | Reached XP level 13. HP: 119/119 MP: 12/12
 15475 | Lair:5   | Found a dark tunnel.
 15484 | Volcano  | Entered a volcano
 15849 | Lair:5   | Found a viscous altar of Jiyva.
 16203 | Lair:5   | Found a staircase to the Slime Pits.
 16347 | Lair:6   | Entered Level 6 of the Lair of Beasts
 16355 | Lair:6   | Received a gift from Trog
 16676 | Lair:6   | Reached skill level 20 in Axes
 17588 | Lair:6   | Reached XP level 14. HP: 96/132 MP: 13/13
 18562 | D:12     | Received a gift from Trog
 19900 | D:13     | Reached ****** piety under Trog
 20587 | D:13     | Reached skill level 21 in Axes
 20595 | D:13     | Got a twisted hunting sling
 20852 | D:13     | Noticed Sonja
 20863 | D:13     | Killed Sonja
 21781 | D:14     | Reached skill level 15 in Fighting
 21833 | D:14     | Found a white marble altar of Elyvilon.
 21991 | D:14     | Found a hazy altar of Hepliaklqana.
 22532 | D:14     | Found a gate to the Vaults.
 22735 | D:14     | Reached skill level 10 in Throwing
 22852 | D:15     | Entered Level 15 of the Dungeon
 22944 | D:15     | Received a gift from Trog
 22955 | D:15     | Found a sacrificial altar of Ru.
 23347 | D:15     | Reached XP level 15. HP: 141/141 MP: 4/14
 23354 | D:15     | Received a gift from Trog
 23953 | D:15     | Found a staircase to the Depths.
 24627 | Orc:1    | Entered Level 1 of the Orcish Mines
 24945 | Orc:2    | Entered Level 2 of the Orcish Mines
 24945 | Orc:2    | Found a staircase to the Elven Halls.
 25020 | Orc:1    | Received a gift from Trog
 25160 | Orc:2    | Noticed Snorg
 25171 | Orc:2    | Killed Snorg
 25412 | Orc:2    | Noticed Nessos
 25424 | Orc:2    | Killed Nessos
 25798 | Orc:2    | Found Pesum's Gadget Shop.
 25801 | Orc:2    | Found Ymem Lie's General Store.
 26009 | Orc:2    | Bought a scroll of noise for 16 gold pieces
 26061 | Orc:2    | Found a roughly hewn altar of Beogh.
 26144 | Orc:2    | Found Kaxucw's Assorted Antiques.
 26179 | Orc:2    | Found Gaase's Gadget Shop.
 26206 | Orc:2    | Received a gift from Trog
 26490 | Orc:2    | Bought a scroll of holy word for 262 gold pieces
 26490 | Orc:2    | Bought 2 scrolls of blinking for 525 gold pieces
 26652 | Snake:1  | Entered Level 1 of the Snake Pit
 26664 | Snake:1  | Reached skill level 22 in Axes
 26752 | Snake:1  | Found a transporter.
 26753 | Snake:1  | Noticed Aizul
 26769 | Snake:1  | Found a transporter.
 26785 | Snake:1  | Found a transporter.
 26808 | Snake:1  | Found a transporter.
 26808 | Snake:1  | Found a transporter.
 26832 | Snake:1  | Reached skill level 10 in Armour
 26848 | Snake:1  | HP: 10/216 [salamander/+1 glaive (5)]
 26848 | Snake:1  | HP: 4/216 [salamander/+1 glaive (6)]
 26878 | Snake:1  | HP: 7/144 [poisoned by a naga ritualist (toxic radiance)]
 26878 | Snake:1  | HP: 2/144 [black mamba (5)]
 27348 | Snake:1  | Received a gift from Trog
 27644 | Snake:1  | Identified the ring "Deime" {Str+2 Int+3}
 27962 | Snake:1  | Noticed Agnes
 27972 | Snake:1  | Killed Agnes
 28104 | Snake:1  | Reached XP level 16. HP: 138/151 MP: 15/15
 28489 | Snake:1  | Killed Aizul
 28702 | Snake:1  | Got a heavily runed chain mail
 28706 | Snake:1  | Got a slimy tin amulet
 28717 | Snake:1  | Identified the +6 chain mail of Duilatog {Stlth+} (You
                  | found it on level 1 of the Snake Pit)
 28720 | Snake:1  | Identified the amulet of Wehemido {Reflect rN+ Dex+3 SH+5}
                  | (You found it on level 1 of the Snake Pit)
 29399 | Snake:2  | Received a gift from Trog
 29849 | Snake:3  | HP: 6/151 [salamander/+0 halberd (4)]
 29855 | Snake:2  | HP: 5/151 [black mamba (7)]
 29861 | Snake:2  | HP: 2/151 [poisoned by a naga warrior (splash of poison)]
 30293 | Snake:3  | Identified the +3 spear of Distant Shores {holy, Str+2}
                  | (You found it on level 3 of the Snake Pit)
 30348 | Snake:3  | HP: 6/151 [naga sharpshooter/bolt (13)]
 30350 | Snake:3  | HP: 1/151 [naga sharpshooter/bolt (2)]
 31093 | Snake:3  | Found Gosim's Food Shoppe.
 31132 | Snake:3  | Reached skill level 23 in Axes
 31785 | Snake:3  | Received a gift from Trog
 32104 | Snake:4  | Entered Level 4 of the Snake Pit
 33187 | Snake:4  | Reached XP level 17. HP: 142/158 MP: 16/16
 33904 | Snake:4  | Received a gift from Trog
 36519 | Snake:4  | Got a serpentine rune of Zot
 36522 | Snake:4  | Identified the Almanac of Clay and the Frostbite
 36678 | Snake:4  | Reached skill level 24 in Axes
 36678 | Snake:4  | Reached skill level 15 in Armour
 36685 | Snake:4  | Received a gift from Trog
 37023 | Shoals:1 | Entered Level 1 of the Shoals
 37439 | Shoals:1 | Received a gift from Trog
 37772 | Shoals:1 | Noticed a kraken
 37781 | Shoals:1 | Killed a kraken
 37781 | Shoals:1 | Reached skill level 15 in Throwing
 38067 | Shoals:2 | Reached XP level 18. HP: 152/166 MP: 17/17
 38080 | Shoals:2 | Identified the +2 ring mail of the Other World {Dex+2} (You
                  | found it on level 2 of the Shoals)
 38280 | Shoals:2 | Received a gift from Trog
 39242 | Shoals:3 | Received a gift from Trog
 39364 | Shoals:4 | Entered Level 4 of the Shoals
 39701 | Shoals:4 | Received a gift from Trog
 40172 | Shoals:4 | HP: 1/168 [merfolk/+0 trident (11)]
 40172 | Shoals:4 | Slain by a merfolk impaler

Skill      XL: |  1  2  3  4  5  6  7  8  9 10 11 12 13 14 15 16 17 18 |
---------------+-------------------------------------------------------+-----
Axes           | 4 5 7 8 9 11 13 15 17 19 20 21 22 23 24 | 24.4
Fighting       | 4 5 6 7 9 10 11 12 14 15 16 | 16.6
Throwing       | 2 5 8 10 12 13 15 | 15.3
Armour         | 5 8 9 11 13 15 | 15.2
Dodging        | 4 |  4.6

Action                   |  1- 3 |  4- 6 |  7- 9 | 10-12 | 13-15 | 16-18 || total
-------------------------+-------+-------+-------+-------+-------+-------++-------
Melee: Hand axe          |    68 |   109 |    27 |       |       |       ||   204
       Headbutt          |    10 |    18 |    44 |   127 |   275 |   239 ||   713
       War axe           |       |       |   178 |   320 |    25 |       ||   523
       Battleaxe         |       |       |       |   288 |  1038 |   833 ||  2159
Throw: Tomahawk          |       |       |       |       |       |    56 ||    56
       Javelin           |       |       |       |       |       |     6 ||     6
Invok: Berserk           |     1 |     1 |     6 |     6 |     9 |     5 ||    28
       Trog's Hand       |     1 |       |     1 |     3 |     5 |    13 ||    23
       Brothers in Arms  |       |       |       |       |     2 |     2 ||     4
  Use: Scroll            |       |     5 |     2 |    21 |    10 |     9 ||    47
       Potion            |       |       |     1 |       |     9 |     3 ||    13
 Stab: Distracted        |       |       |       |       |     1 |       ||     1
  Eat: Chunk             |     3 |     7 |    16 |    25 |    34 |    11 ||    96
       Ration            |       |       |     1 |     1 |     6 |    11 ||    19
Armor: Animal skin       |     1 |       |       |       |       |       ||     1
       Ring mail         |    13 |    29 |    27 |       |       |       ||    69
       Leather armour    |     1 |       |       |       |       |       ||     1
       Scale mail        |       |       |    17 |       |     2 |       ||    19
       Chain mail        |       |       |     5 |   108 |     9 |       ||   122
       Plate armour      |       |       |       |   195 |   629 |   553 ||  1377
Dodge: Dodged            |    39 |    46 |   105 |   145 |   343 |   297 ||   975
Block: Other             |       |       |       |    75 |   159 |   194 ||   428
       Reflection        |       |       |       |     4 |    13 |    38 ||    55
